 Dungeon Crawl Stone Soup version 0.29.1-2-gbd0b4ee654 (webtiles) character file.

Game seed: 17687109403129134330

638 jamestheduck25 the Covert (level 7, 0/33 (35) HPs)
             Began as a Spriggan Brigand on Nov 7, 2022.
             Succumbed to a scorpion's poison
             ... on level 5 of the Dungeon.
             The game lasted 00:23:53 (5429 turns).

jamestheduck25 the Covert (Spriggan Brigand)        Turns: 5429, Time: 00:23:53

HP:   0/33 (35)     AC:  3    Str:  6 (7)  XL:     7   Next: 25%
MP:   8/8           EV: 19    Int: 11 (12) God:
Gold: 214           SH:  5    Dex: 18 (21) Spells: 6/6 levels left

rFire   . . .      SeeInvis +   i - +2 dagger (flame)
rCold   + . .      Faith    .   (no shield)
rNeg    . . .      Spirit   .   b - +0 robe
rPois   .          Reflect  +   (helmet restricted)
rElec   +          Harm     .   c - +0 cloak
rCorr   +          Rampage  .   (gloves unavailable)
Will    +....                   (boots unavailable)
Stlth   ++++......              l - amulet of reflection
HPRegen 0.11/turn               s - ring of resist corrosion
MPRegen 0.11/turn               z - ring "Cuageico" {Contam rElec rC+ Dex+2}

@: lethally poisoned (0 -> -5), drained, very quick
A: very small, no large weapons, unfitting armour, see invisible, speed 3
a: no special abilities


You were on level 5 of the Dungeon.
You visited 1 branch of the dungeon, and saw 6 of its levels.

You collected 214 gold pieces.

Inventory:

Hand Weapons
 a - a +2 dagger
 i - a +2 dagger of flaming (weapon)
 p - a +0 dagger
Missiles
 d - 8 poisoned darts (quivered)
 e - 3 curare-tipped darts
 f - 2 throwing nets
 m - 3 boomerangs
 o - 37 stones
Armour
 b - a +0 robe (worn)
 c - a +0 cloak (worn)
 g - a +0 robe
 D - a +0 pair of boots
 H - a +0 cloak
Magical Staves
 j - a staff of poison
 n - a staff of death
Jewellery
 l - an amulet of reflection (around neck)
 s - a ring of resist corrosion (left hand)
 t - a ring of positive energy
 z - the ring "Cuageico" (right hand) {Contam rElec rC+ Dex+2}
   (You acquired it on level 3 of the Dungeon)

   [ring of protection from cold]

   Dex:       It affects your dexterity (+2).
   rC:        It protects you from cold.
   rElec:     It insulates you from electricity.
   Contam:    It causes magical contamination when unequipped.
Wands
 q - a wand of light (10)
 r - a wand of flame (19)
 J - a wand of paralysis (4)
Scrolls
 w - a scroll of noise
 y - a scroll of torment
 A - a scroll of summoning {unknown}
 B - a scroll of fog
 C - a scroll of blinking
 F - a scroll of vulnerability {unknown}
 I - 2 scrolls of immolation {unknown}
Potions
 h - 2 potions of heal wounds
 k - a potion of attraction
 u - 4 potions of degeneration
 v - 2 potions of curing
 x - 2 potions of cancellation {unknown}
 E - a potion of flight {unknown}
 G - a potion of invisibility


   Skills:
 + Level 2.5 Fighting
 + Level 4.7 Short Blades
 + Level 3.0 Throwing
 + Level 4.5 Dodging
 + Level 9.2 Stealth
 + Level 1.0 Shields


You had 6 spell levels left.
You didn't know any spells.
Your spell library contained the following spells:

 Spells                   Type           Power      Damage    Failure   Level
 Dazzling Flash           Conj/Hex       0%         N/A       71%         3
 Iskenderun's Mystic Bla  Conj/Tloc      0%         2d3       98%         4
 Agony                    Necr           0%         N/A       100%        5
 Silence                  Hex/Air        0%         N/A       100%        5
 Starburst                Conj/Fire      0%         6d3       100%        6


Dungeon Overview and Level Annotations

Branches:
Dungeon (6/15)
 Temple: D:4-7

Altars:

Shops:
D:3 [   D:6 [


Innate Abilities, Weirdness & Mutations

You are very small and have problems with some larger weapons.
You are too small for most types of armour.
You have supernaturally acute eyesight. (SInv)
You cover ground extremely quickly. (Speed+++)


Message History

The scorpion is lightly wounded.
You feel sick. The adder bites you but does no damage.
The scorpion stings you but does no damage.
You hit the scorpion. You burn the scorpion.
The scorpion is moderately wounded.
You feel sick. You block the adder's attack.
The scorpion completely misses you.
You hit the scorpion. You burn the scorpion.
The scorpion is heavily wounded.
The adder bites you but does no damage.
You hit the scorpion but do no damage.
The scorpion is heavily wounded.
You feel sick.
You are no longer poisoned.
The scorpion barely misses you. The adder misses you.
You barely miss the scorpion.
The scorpion is heavily wounded.
The scorpion barely misses you. You block the adder's attack.
You barely miss the scorpion.
The scorpion is heavily wounded.
The scorpion stings you. The adder barely misses you.
You hit the scorpion. You burn the scorpion.
The scorpion is severely wounded.
The scorpion stings you!
* * * LOW HITPOINT WARNING * * *
You are lethally poisoned!
The scorpion poisons you! You block the adder's attack.
You hit the scorpion. You burn the scorpion.
The scorpion is almost dead.
* * * LOW HITPOINT WARNING * * *
You feel sick. The scorpion misses you. The adder misses you.
* * * LOW HITPOINT WARNING * * *
You feel sick. You block the scorpion's attack.
* * * LOW HITPOINT WARNING * * *
You feel sick.
* * * LOW HITPOINT WARNING * * *
You feel sick.
* * * LOW HITPOINT WARNING * * *
You feel sick.
You die...

# ### ###
####.# #. ...
... ...... #.
#.##.##.#
####.# #(
#.......# #
#. #....# #
#. #@##.##.#
#.##........
##.......##.#
#..<.s......#
#.###.#.#####
# ##S#.#
#.s#.# #.##.#
#( .#


You could see 2 scorpions and an adder.

Vanquished Creatures
  A centaur (D:3)
  Blork the orc (D:4)
  A necrophage (D:4)
  2 scorpions
  Jessica (D:2)
  Ijyb (D:4)
  An iguana (D:3)
  Natasha (thrice) (D:2)
  Robin (D:2)
  3 adders
  An ufetubus (D:6)
  2 worms
  An orc (D:5)
  9 bats
  11 endoplasms
  A giant cockroach (D:1)
  18 goblins
  8 hobgoblins
  18 jackals
  3 quokkas
  8 ball pythons
  2 frilled lizards
  7 kobolds
  6 rats
110 creatures vanquished.

Notes
Turn   | Place    | Note
-------+----------+-------------------------------------------
     0 | D:1      | jamestheduck25 the Spriggan Brigand began the quest for the
                  | Orb.
     0 | D:1      | Reached XP level 1. HP: 10/10 MP: 2/2
    79 | D:1      | Reached skill level 6 in Stealth
   124 | D:1      | Reached XP level 2. HP: 10/14 MP: 3/3
   941 | D:1      | Reached XP level 3. HP: 16/18 MP: 4/4
  1151 | D:1      | Reached skill level 7 in Stealth
  1991 | D:2      | Noticed Robin
  2044 | D:2      | Killed Robin
  2045 | D:2      | Reached XP level 4. HP: 12/23 MP: 5/5
  2360 | D:2      | Noticed Natasha
  2367 | D:2      | Killed Natasha
  2482 | D:2      | Noticed Natasha
  2491 | D:2      | Killed Natasha
  2747 | D:2      | Reached XP level 5. HP: 26/26 MP: 6/6
  2863 | D:2      | Identified the +9 spear of Profit {freeze, Dex+2}
  3055 | D:2      | Noticed Natasha
  3063 | D:2      | Killed Natasha
  3089 | D:2      | Found a faded altar of an unknown god.
  3278 | D:2      | Noticed Jessica
  3291 | D:2      | Killed Jessica
  3381 | D:3      | Noticed a centaur
  3402 | D:3      | Killed a centaur
  3403 | D:3      | Reached skill level 8 in Stealth
  3403 | D:3      | Reached XP level 6. HP: 11/30 MP: 7/7
  3584 | D:3      | You fall into a shaft and drop 3 floors!
  3618 | D:6      | Found Caesoilody's Armour Emporium.
  3915 | D:5      | Entered Level 5 of the Dungeon
  3919 | D:4      | Noticed Blork the orc
  4320 | D:3      | Found Eliarphu's Armour Shop.
  4363 | D:3      | Identified a scroll of acquirement
  4364 | D:3      | Acquired the ring "Cuageico" {Contam rElec rC+ Dex+2}
  4447 | D:4      | Killed Blork the orc
  4703 | D:4      | Noticed Ijyb
  4723 | D:4      | Killed Ijyb
  4940 | D:4      | Reached XP level 7. HP: 35/35 MP: 8/8
  4945 | D:4      | Reached skill level 9 in Stealth
  4945 | D:4      | Reached skill level 1 in Shields
  5427 | D:5      | HP: 1/33 [poisoned by a scorpion]
  5429 | D:5      | Succumbed to a scorpion's poison

Illustrated notes

Levels and vault maps discovered:
D:1:      matt_arrival_spirals, layout_basic
D:2:      layout_basic, shapermc_ecumenical_altar_venn,
          nicolae_figureground_sparkle, uniq_robin, uniq_jessica, uniq_natasha
D:3:      layout_rooms, serial_shops, shop
D:4:      layout_rooms, uniq_blork_the_orc, uniq_ijyb
D:5:      layout_loops_cross, overflow_temple_1_default, serial_shops, shop
D:6:      layout_loops_corners, minmay_temple_entry_glass, serial_shops,
          nicolae_stop_n_shop_1, nicolae_shop_trees, kennysheep_little_box,
          nicolae_inconvenience_store

Skill      XL: |  1  2  3  4  5  6  7 |
---------------+----------------------+-----
Stealth        | 6 7 8 9 |  9.2
Short Blades   | 3 4 |  4.7
Dodging        | 2 3 4 |  4.5
Fighting       | 2 |  2.5
Shields        | 1 |  1.0
Throwing       | 3 |  3.0

Action                   |  1- 3 |  4- 6 |  7- 9 || total
-------------------------+-------+-------+-------++-------
Melee: Dagger            |   145 |   171 |    34 ||   350
       Punch             |       |     3 |       ||     3
Throw: Dart              |    14 |    13 |     7 ||    34
  Use: Potion            |     1 |     3 |       ||     4
       Scroll            |     4 |     7 |       ||    11
 Stab: Sleeping          |     8 |     9 |       ||    17
       Distracted        |     1 |     1 |       ||     2
       Invisible         |       |     2 |       ||     2
Armor: Robe              |    22 |    16 |     4 ||    42
Dodge: Dodged            |   106 |   136 |    18 ||   260
Block: Other             |     8 |    38 |     7 ||    53
       Reflection        |       |     1 |       ||     1
